 Dungeon Crawl Stone Soup version 0.22-a0-396-g3f858e3 (webtiles) character file.

20142 CanOfBees the Markscentaur (level 12, -12/113 HPs)
             Began as a Centaur Hunter on May 4, 2018.
             Was the Champion of Okawaru.
             Mangled by a tentacled starspawn (28 damage)
             ... on level 2 of the Abyss.
             The game lasted 00:38:31 (18654 turns).

CanOfBees the Markscentaur (Centaur Hunter)        Turns: 18654, Time: 00:38:31

Health: -12/113    AC: 16    Str: 22    XL:     12   Next: 42%
Magic:  18/18      EV:  4    Int: 10    God:    Okawaru [******]
Gold:   783        SH:  0    Dex: 10    Spells: 11/11 levels left

rFire    + . .     SeeInvis .   a - +7 longbow "Piercer" {penet, EV-2}
rCold    . . .     Gourm    .   (shield currently unavailable)
rNeg     . . .     Faith    .   S - +4 chain mail {rPois}
rPois    +         Spirit   .   u - +0 helmet
rElec    .         Reflect  .   y - +0 cloak
rCorr    .         Harm     .   A - +0 pair of gloves
MR       .....                  (no barding)
Stlth    ..........             (no amulet)
HPRegen  0.28/turn              P - ring of protection from fire
MPRegen  0.16/turn              v - +2 ring of strength

@: very quick
A: large, hooves 3, deformed body, speed 2, tough skin 3
a: Heroism, Finesse, Renounce Religion


You were on level 2 of the Abyss.
You worshipped Okawaru.
Okawaru was exalted by your worship.
You were not hungry.

You visited 2 branches of the dungeon, and saw 12 of its levels.
You visited the Abyss 1 time.
You also visited: Volcano.

You collected 919 gold pieces.
You spent 136 gold pieces at shops.

Inventory:

Hand Weapons
 a - the +7 longbow "Piercer" (weapon) {penet, EV-2}
   (Okawaru gifted it to you in a volcano)

   Ammo fired by it will pass through the targets it hits, potentially hitting
   all targets in its path until it reaches maximum range.
   It affects your evasion (-2).
 b - a +2 longbow of flaming
 G - a +0 quarterstaff of flaming
 N - a +1 demon trident of electrocution
 Q - the +11 falchion "Gixativa" {drain, +Fly rElec Str+4 Dex+4}
   (You found it on level 9 of the Dungeon)

   A truly terrible weapon, it drains the life of those it strikes.
   It affects your strength (+4).
   It affects your dexterity (+4).
   It insulates you from electricity.
   It lets you fly.
 W - a +0 glaive of flaming
Missiles
 d - 121 arrows (quivered)
Armour
 u - a +0 helmet (worn)
 y - a +0 cloak (worn)
 A - a +0 pair of gloves (worn)
 J - a +3 chain mail of fire resistance
 S - a +4 chain mail of poison resistance (worn)
 X - a +3 leather armour of fire resistance
Jewellery
 v - a +2 ring of strength (right hand)
 C - a cursed -3 ring of slaying {unknown}
 P - a ring of protection from fire (left hand)
Wands
 c - a wand of scattershot (5)
 p - a wand of paralysis (18)
 B - a wand of acid (4)
 E - a wand of polymorph (14)
 T - a wand of flame (23)
 U - a wand of disintegration (9)
Scrolls
 g - 11 scrolls of remove curse
 h - 2 scrolls of teleportation
 j - 3 scrolls of magic mapping
 o - 3 scrolls of fog
 q - 2 scrolls of fear
 r - 2 scrolls of amnesia
 z - 2 scrolls of immolation
 H - 2 scrolls of vulnerability
 I - 2 scrolls of noise
 M - a scroll of enchant weapon {unknown}
Potions
 i - 3 potions of ambrosia {unknown}
 k - 3 potions of flight
 l - 2 potions of might
 m - a potion of mutation {unknown}
 s - 2 potions of berserk rage {unknown}
 t - a potion of invisibility {unknown}
 w - 3 potions of heal wounds
 x - 2 potions of haste {unknown}
 D - a potion of degeneration {unknown}
 F - a potion of brilliance {unknown}
 K - 2 potions of lignification
 L - a potion of agility
 O - 2 potions of magic {unknown}
Miscellaneous
 n - a lamp of fire
Comestibles
 f - 25 rations


   Skills:
 + Level 12.5 Fighting
 + Level 16.2 Bows
 - Level 5.0 Armour
 - Level 2.0 Dodging
 - Level 0.4 Stealth
 - Level 9.0 Invocations


You had 11 spell levels left.
You didn't know any spells.

Dungeon Overview and Level Annotations

Branches:
Dungeon (10/15)            Temple (0/1) D:7            Lair (2/6) D:10
    Orc (0/2) D:9
  Swamp: Lair:2-4    Shoals: Lair:2-4     Snake: Lair:2-4    Spider: Lair:2-4

Altars:
Ashenzari
Hepliaklqana
Makhleb
Okawaru
Ru
Uskayaw
Vehumet

Shops:
D:5 %   D:10 [

Annotations:
D:6 exclusion: statue
D:8 Erica


Innate Abilities, Weirdness & Mutations

You have hooves in place of feet.
Armour fits poorly on your strangely shaped body.
You cover ground very quickly.
You have extremely tough skin. (AC +3)


Message History

The arrow completely misses the large abomination.
The large abomination hits you!!
Firing (i - inventory)
d - 123 arrows (quivered)
Press: ? - help, Shift-Dir - straight line, f/p - large abomination
Aim: a large abomination (moderately damaged)
You shoot an arrow.
The arrow pierces through the large abomination!
The large abomination is heavily damaged.
Tentacles burst from the starspawn's body! 2 starspawn tentacles come into view.
Firing (i - inventory)
d - 122 arrows (quivered)
Press: ? - help, Shift-Dir - straight line, f/p - large abomination
Aim: a large abomination (heavily damaged)
You shoot an arrow.
The arrow pierces through the large abomination!
The large abomination is almost destroyed.
The large abomination hits you!!
* * * LOW HITPOINT WARNING * * *
The tentacled starspawn bites you!!
You die...

## #. ##
##X##.#
#.#@.## #
#.# #..wXw#
##. #.#
##....# #
#.
#..###...#
#. . #.#.
#.## #.##
.#..#
##.##.....#
..# . .###
#. ###.# .#
#...
...####...#
# #.# #
#.#..##.###


You could see a tentacled starspawn, a large abomination and 2 starspawn
tentacles.

Vanquished Creatures
  2 hydras
  4 death yaks (Lair:2)
  A dancing weapon (Volcano)
  2 thrashing horrors (Abyss:2)
  A lindwurm (Lair:2)
  5 wizards (Volcano)
  A centaur zombie (D:10)
  5 toenail golems (Volcano)
  A black mamba (Lair:2)
  2 spiny frogs (Lair:2)
  A rime drake (Lair:2)
  4 komodo dragons
  A troll (D:10)
  3 hippogriffs
  A wyvern (Lair:2)
  A hungry ghost (D:7)
  A neqoxec (Abyss:2)
  3 wargs (D:10)
  3 water moccasins
  3 porcupines
  An orc warrior (D:10)
  2 phantoms (D:8)
  3 black bears
  An ice beast (D:8)
  6 sky beasts
  3 necrophages
  8 ogres
  A centaur (D:10)
  5 wolves (Lair:1)
  3 crocodiles
  A big kobold (D:5)
  6 bullfrogs
  A wyvern skeleton (D:6)
  3 scorpions
  4 wights (D:9)
  5 howler monkeys
  2 bullfrog zombies
  A quasit (Abyss:2)
  4 crimson imps
  2 hounds
  2 jellies (D:8)
  3 orc priests
  A bullfrog skeleton (D:5)
  A gnoll shaman (D:10)
  12 orc wizards
  5 iguanas
  5 worker ants
  A mummy (D:9)
  3 worker ant zombies
  5 gnolls (D:10)
  8 adders
  A shadow imp (D:5)
  A white imp (D:10)
  An ufetubus (Abyss:2)
  An ooze (D:1)
  An adder skeleton (D:5)
  An adder zombie (D:9)
  5 worms
  2 dart slugs
  6 leopard geckos
  34 orcs
  8 giant cockroaches
  7 goblins
  7 hobgoblins
  7 jackals
  3 quokkas
  4 ball pythons
  11 bats
  5 frilled lizards
  15 kobolds
  A leopard gecko skeleton (D:6)
  A leopard gecko zombie (D:5)
  A quokka skeleton (D:4)
  7 rats
283 creatures vanquished.

Vanquished Creatures (others)
  An iguana (D:4)
  A frilled lizard (D:4)
  A bush (Lair:2)
  A fungus (Lair:2)
4 creatures vanquished.

Grand Total: 287 creatures vanquished

Notes
Turn   | Place    | Note
-------+----------+-------------------------------------------
     0 | D:1      | CanOfBees the Centaur Hunter began the quest for the Orb.
     0 | D:1      | Reached XP level 1. HP: 17/17 MP: 1/1
   300 | D:1      | Reached XP level 2. HP: 24/24 MP: 2/2
   703 | D:1      | Reached XP level 3. HP: 28/30 MP: 3/3
  1163 | D:2      | Found a faded altar of an unknown god.
  1293 | D:2      | Reached skill level 6 in Bows
  1348 | D:2      | Reached XP level 4. HP: 29/37 MP: 4/4
  1526 | D:2      | Found a shattered altar of Ashenzari.
  1529 | D:2      | Found a sacrificial altar of Ru.
  1770 | D:3      | Found an iron altar of Okawaru.
  1781 | D:3      | Became a worshipper of Warmaster Okawaru
  1819 | D:3      | Reached skill level 1 in Armour
  2153 | D:2      | Reached skill level 1 in Invocations
  2169 | D:3      | Reached XP level 5. HP: 23/45 MP: 5/5
  3049 | D:4      | Reached * piety under Okawaru
  3182 | D:4      | Reached XP level 6. HP: 28/52 MP: 7/7
  3729 | D:4      | Reached skill level 7 in Bows
  4571 | D:5      | Entered Level 5 of the Dungeon
  5127 | D:5      | Found Jeixoec's Food Emporium.
  5163 | D:5      | Reached XP level 7. HP: 35/60 MP: 9/9
  6126 | D:5      | Reached skill level 8 in Bows
  6171 | D:5      | Reached skill level 5 in Fighting
  6639 | D:6      | Reached ** piety under Okawaru
  6843 | D:6      | Reached XP level 8. HP: 43/69 MP: 11/11
  7107 | D:6      | Reached skill level 5 in Invocations
  7195 | D:6      | Found a radiant altar of Vehumet.
  7417 | D:5      | Reached skill level 9 in Bows
  7861 | D:6      | Found a hazy altar of Hepliaklqana.
  7861 | D:6      | Found a burning altar of Makhleb.
  8325 | D:7      | Found a staircase to the Ecumenical Temple.
  8866 | D:7      | Reached skill level 10 in Bows
  8969 | D:7      | Reached XP level 9. HP: 40/77 MP: 12/14
  9155 | D:7      | Found a hide-covered altar of Uskayaw.
  9598 | D:8      | Reached *** piety under Okawaru
 10324 | D:8      | Noticed Erica
 11798 | D:9      | Reached skill level 11 in Bows
 11895 | D:9      | Found a staircase to the Orcish Mines.
 12004 | D:9      | Received a gift from Okawaru
 12148 | D:9      | Got a scorched falchion
 12150 | D:9      | Identified the +11 falchion "Gixativa" {drain, +Fly rElec Str+4 Dex+4} (You found it on level 9 of the Dungeon)
 12233 | D:9      | Reached **** piety under Okawaru
 12549 | D:10     | Entered Level 10 of the Dungeon
 12674 | D:10     | Reached XP level 10. HP: 88/88 MP: 16/16
 12725 | D:10     | Found Vischomn's Armour Boutique.
 12728 | D:10     | Bought a +0 chain mail of poison resistance for 136 gold pieces
 12779 | D:10     | Found a staircase to the Lair.
 12812 | D:10     | Received a gift from Okawaru
 13602 | D:10     | Reached skill level 12 in Bows
 13644 | D:10     | Received a gift from Okawaru
 13771 | Lair:1   | Entered Level 1 of the Lair of Beasts
 13771 | Lair:1   | Noticed an eight-headed hydra
 14247 | D:10     | Killed an eight-headed hydra
 14247 | D:10     | Reached ***** piety under Okawaru
 14247 | D:10     | Received a gift from Okawaru
 14604 | Lair:1   | Reached skill level 5 in Armour
 14817 | Lair:1   | Received a gift from Okawaru
 14831 | Lair:1   | Reached XP level 11. HP: 83/97 MP: 17/17
 15013 | Lair:1   | Noticed an eight-headed hydra
 15043 | Lair:1   | Killed an eight-headed hydra
 15043 | Lair:1   | Reached skill level 13 in Bows
 15588 | Lair:1   | Reached skill level 10 in Fighting
 15995 | Lair:1   | Identified 2 scrolls of acquirement
 16147 | Lair:2   | Found a dark tunnel.
 16147 | Lair:2   | Noticed a lindwurm
 16156 | Volcano  | Entered a volcano
 16173 | Volcano  | Noticed a wizard
 16196 | Volcano  | Killed a wizard
 16476 | Volcano  | Noticed a wizard
 16481 | Volcano  | Killed a wizard
 16481 | Volcano  | Received a gift from Okawaru
 16482 | Volcano  | Found the +7 longbow "Piercer" {penet, EV-2}
 16495 | Volcano  | Noticed a wizard
 16503 | Volcano  | Killed a wizard
 16503 | Volcano  | Reached skill level 14 in Bows
 16588 | Volcano  | Noticed a mace of flaming
 16638 | Volcano  | Killed a mace of flaming
 16720 | Volcano  | Noticed a wizard
 16720 | Volcano  | Noticed a wizard
 16732 | Volcano  | Killed a wizard
 16749 | Volcano  | Killed a wizard
 16994 | Lair:2   | Received a gift from Okawaru
 16994 | Lair:2   | Reached skill level 15 in Bows
 16996 | Lair:2   | Killed a lindwurm
 17359 | Lair:2   | Noticed a death yak
 17362 | Lair:2   | Noticed a death yak
 17366 | Lair:2   | Noticed a death yak
 17369 | Lair:2   | Killed a death yak
 17369 | Lair:2   | Reached ****** piety under Okawaru
 17369 | Lair:2   | Reached XP level 12. HP: 90/111 MP: 18/18
 17375 | Lair:2   | Noticed a death yak
 18302 | Lair:2   | Killed a death yak
 18323 | Lair:2   | Killed a death yak
 18323 | Lair:2   | Received a gift from Okawaru
 18346 | Lair:2   | Killed a death yak
 18457 | Lair:2   | Cast into level 2 of the Abyss (a distortion unwield)
 18457 | Abyss:2  | Found a corrupted altar of Lugonu.
 18479 | Abyss:2  | Reached skill level 16 in Bows
 18525 | Abyss:2  | Found a corrupted altar of Lugonu.
 18651 | Abyss:2  | Noticed a tentacled starspawn
 18654 | Abyss:2  | Mangled by a tentacled starspawn

Vault maps used:
D:1:      sevenhm_arrival_forest_fort_large_2
D:2:      grunt_temple_overflow_open, chequers_ecumenical_altar_simple_redux
D:3:      first_ration, okawaru_trees_1
D:4:      lemuel_old_faithful
D:5:      serial_shops, shop
D:6:      vehumet_statue, amethyst_overflow_temple_binary
D:7:      kennysheep_mini, temple_statues, grunt_ogre_cave
D:8:      uniq_erica
D:9:      orc_0_dummy, serial_undead, serial_undead_f, serial_undead_c,
          serial_undead_d, serial_undead_b
D:10:     erik_lair_orcish_takeover, serial_shops, kennysheep_mini_moat,
          minmay_misc_feat_iff, minmay_tree_intersection, minmay_fire_ice_demons
Lair:1:   beast_lair_carwin_large_2, minivault_23
Lair:2:   nicolae_volcano_entry_vermiform
Volcano:  volcano_bunker

Skill      XL: |  1  2  3  4  5  6  7  8  9 10 11 12 |
---------------+-------------------------------------+-----
Dodging        | 2 |  2.0
Bows           | 6 7 8 10 11 12 15 16 | 16.2
Fighting       | 3 4 5 6 8 9 11 12 | 12.5
Armour         | 1 2 3 5 |  5.0
Invocations    | 1 2 3 4 6 8 9 |  9.0
Stealth        | |  0.4

Action                   |  1- 3 |  4- 6 |  7- 9 | 10-12 || total
-------------------------+-------+-------+-------+-------++-------
Melee: Short sword       |   165 |   101 |       |       ||   266
       Kick              |    21 |    56 |    82 |    54 ||   213
       Falchion          |       |   107 |    75 |   122 ||   304
       Great mace        |       |       |   273 |       ||   273
       Demon trident     |       |       |    19 |     6 ||    25
       Punch             |       |       |       |     1 ||     1
 Fire: Shortbow          |     6 |    29 |   137 |   134 ||   306
       Longbow           |       |       |       |   163 ||   163
Throw: Throwing net      |       |       |       |     2 ||     2
Invok: Heroism           |       |       |     1 |     1 ||     2
       Finesse           |       |       |       |     2 ||     2
 Abil: Evoke Flight      |       |       |       |     1 ||     1
Evoke: Wand              |       |       |     4 |     2 ||     6
  Use: Potion            |     1 |     2 |     2 |     2 ||     7
       Scroll            |       |     5 |     6 |    18 ||    29
 Stab: Held in net/web   |       |       |       |     1 ||     1
  Eat: Chunk             |     1 |     7 |    15 |     9 ||    32
       Ration            |       |     1 |     5 |     2 ||     8
Armor: Scale mail        |    97 |   108 |   222 |       ||   427
       Chain mail        |       |       |   126 |   139 ||   265
Dodge: Dodged            |    71 |    84 |   154 |    81 ||   390
       Rpst.: Falchion   |       |    12 |     8 |    12 ||    32

Table legend:
 A = Spawn XP
 B = Non-spawn XP
 C = Spawn XP percentage of total XP
 D = Spawn monster count
 E = Non-spawn monster count
 F = Spawn count percentage of total count
 G = Total turns spent on level
                    A         B        C        D         E        F      G
               +---------+---------+-------+---------+---------+-------+---------
         Total |    1936 |   26839 |   6.7 |       4 |     280 |   1.4 | 18654
               +---------+---------+-------+---------+---------+-------+---------
           D:1 |       0 |      42 |   0.0 |       0 |      26 |   0.0 |   804
           D:2 |       0 |     123 |   0.0 |       0 |      27 |   0.0 |  1055
           D:3 |       0 |     145 |   0.0 |       0 |      23 |   0.0 |  1172
           D:4 |       0 |     249 |   0.0 |       0 |      18 |   0.0 |  1540
           D:5 |       0 |     524 |   0.0 |       0 |      21 |   0.0 |  1968
           D:6 |       0 |     932 |   0.0 |       0 |      23 |   0.0 |  1410
           D:7 |       0 |     982 |   0.0 |       0 |      12 |   0.0 |  2011
           D:8 |       0 |    1369 |   0.0 |       0 |      29 |   0.0 |  1809
           D:9 |       0 |     992 |   0.0 |       0 |      12 |   0.0 |   780
          D:10 |       0 |    4208 |   0.0 |       0 |      44 |   0.0 |  1768
        Lair:1 |       0 |    3711 |   0.0 |       0 |      19 |   0.0 |  1775
        Lair:2 |       0 |    6847 |   0.0 |       0 |      14 |   0.0 |  1534
       Abyss:2 |    1936 |       8 |  99.6 |       4 |       1 |  80.0 |   197
       Volcano |       0 |    6707 |   0.0 |       0 |      11 |   0.0 |   831
               +---------+---------+-------+---------+---------+-------+---------
